 Dungeon Crawl Stone Soup version 0.31-a0-986-g5e6e4ef867 (webtiles) character file.

Game seed: 8825617371035461197

105 garrulousMonolith the Gusty (level 4, -26/32 HPs)
             Began as a Gnoll Air Elementalist on Nov 15, 2023.
             Annihilated by a large abomination (34 damage)
             ... on level 1 of the Abyss.
             The game lasted 00:02:08 (1907 turns).

garrulousMonolith the Gusty (GnAE)                  Turns: 1907, Time: 00:02:09

Health: -26/32     AC:  2    Str:  8    XL:     4   Next: 83%
Magic:  3/11       EV: 13    Int: 16    God:
Gold:   104        SH:  0    Dex: 12    Spells: 7/13 levels left

rFire   . . .        j - +0 dagger
rCold   . . .        (no shield)
rNeg    . . .        a - +0 robe
rPois   .            (no helmet)
rElec   .            (no cloak)
rCorr   .            (no gloves)
SInv    .            (no boots)
Will    .....        (no amulet)
Stlth   +++          (no ring)
HPRegen 0.25/turn    (no ring)
MPRegen 0.12/turn

%: no passive effects
@: no status effects
A: fangs 1, strong nose, distributed training
a: no special abilities


You were on level 1 of the Abyss.
You visited 1 branch of the dungeon, and saw 2 of its levels.
You visited the Abyss 1 time.

You collected 124 gold pieces.
You spent 20 gold pieces at shops.

Inventory:

Hand Weapons
 j - a +0 dagger (weapon)
Armour
 a - a +0 robe (worn)
Scrolls
 c - a scroll of identify
 d - a scroll of immolation {unknown}
 f - a scroll of blinking {unknown}
 h - a scroll of brand weapon {unknown}
 i - a scroll of poison {unknown}
Potions
 b - a potion of magic
 e - a potion of lignification {unknown}
 g - a potion of ambrosia {unknown}


   Skills:
 + Level 1.2 Fighting
 + Level 1.2 Short Blades
 + Level 1.2 Long Blades
 + Level 1.2 Axes
 + Level 1.2 Maces & Flails
 + Level 1.2 Polearms
 + Level 1.2 Staves
 + Level 1.2 Ranged Weapons
 + Level 1.2 Throwing
 + Level 1.2 Armour
 + Level 4.7 Dodging
 + Level 4.3 Stealth
 + Level 1.2 Shields
 + Level 1.2 Unarmed Combat
 + Level 5.1 Spellcasting
 + Level 2.3 Conjurations
 + Level 1.0 Hexes
 + Level 1.0 Summonings
 + Level 1.0 Necromancy
 + Level 1.0 Translocations
 + Level 1.0 Transmutations
 + Level 1.0 Fire Magic
 + Level 1.0 Ice Magic
 + Level 5.5 Air Magic
 + Level 1.0 Earth Magic
 + Level 1.0 Poison Magic
 + Level 1.4 Invocations
 + Level 1.2 Evocations
 + Level 1.1 Shapeshifting


You had 7 spell levels left.
You knew the following spells:

 Your Spells              Type           Power      Damage    Failure   Level
a - Shock                 Conj/Air       64%        1d7       3%          1
b - Static Discharge      Conj/Air       32%        3-5/arc   4%          2
c - Swiftness             Air            21%        N/A       4%          3

Your spell library contained the following spells:

 Spells                   Type           Power      Damage    Failure   Level
 Magic Dart               Conj           44%        1d5       6%          1
 Airstrike                Air            10%        2d(2-18)  16%         4
 Dazzling Flash           Conj/Hex       18%        N/A       22%         3
 Summon Guardian Golem    Hex/Summ       7%         N/A       28%         3
 Silence                  Hex/Air        7%         N/A       73%         5
 Agony                    Necr           7%         N/A       95%         5
 Orb of Destruction       Conj           5%         9d5       100%        7
 Spellforged Servitor     Conj/Summ      4%         N/A       100%        7


Dungeon Overview and Level Annotations

Branches:
Dungeon (2/15)

Altars:
Elyvilon

Shops:
D:1 ?


Innate Abilities, Weirdness & Mutations

You have very sharp teeth.
Your uncanny sense of smell can sniff out nearby items.
Your experience applies equally to all skills.


Message History

Aim: a large abomination (lightly damaged, 86% to hit)
The zap hits the large abomination.
The large abomination is lightly damaged.
Casting: Shock (safe; 3% risk of failure)
Confirm with . or Enter, or press ? or * to list all spells.
Aiming: Shock (safe; 3% risk of failure)
Press: ? - help, Shift-Dir - straight line, f/p - large abomination
Aim: a large abomination (lightly damaged, 86% to hit)
The zap hits the large abomination but does no damage.
The large abomination is lightly damaged.
The large abomination hits you.
Casting: Shock (safe; 3% risk of failure)
Confirm with . or Enter, or press ? or * to list all spells.
Aiming: Shock (safe; 3% risk of failure)
Press: ? - help, Shift-Dir - straight line, f/p - large abomination
Aim: a large abomination (lightly damaged, 86% to hit)
The zap hits the large abomination.
The large abomination is lightly damaged.
The large abomination hits you!
Casting: Shock (safe; 3% risk of failure)
Confirm with . or Enter, or press ? or * to list all spells.
Aiming: Shock (safe; 3% risk of failure)
Press: ? - help, Shift-Dir - straight line, f/p - large abomination
Aim: a large abomination (lightly damaged, 86% to hit)
The zap hits the large abomination but does no damage.
The large abomination is lightly damaged.
You hit the large abomination but do no damage.
You bite the large abomination, but do no damage.
The large abomination is lightly damaged.
The large abomination hits you.
You barely miss the large abomination.
You bite the large abomination, but do no damage.
The large abomination is lightly damaged.
The large abomination hits you.
* * * LOW HITPOINT WARNING * * *
You hit the large abomination but do no damage.
The large abomination is lightly damaged.
The large abomination hits you!!
Ouch! That really hurt!
You die...

.#..#..# ..#
## # #. .. #
.. . ....# #
.##. ####..#
.. # .#.# .
#.##.....##.#
#..###.... .#
#..#..##.## #
#.@######
##.X.# #
#...# .##...
. #... ##
##... #.. .#


You could see a large abomination.

Vanquished Creatures
  An orc wizard (D:2)
  An iguana (D:2)
  2 gnolls (D:2)
  A dart slug (D:1)
  3 orcs (D:2)
  A ball python (D:1)
  A bat (D:1)
  7 endoplasms
  A giant cockroach (D:1)
  3 hobgoblins (D:1)
  3 kobolds
  A frilled lizard (D:1)
  3 goblins
  A rat (D:1)
29 creatures vanquished.

Notes
Turn   | Place    | Note
-------+----------+-------------------------------------------
     0 | D:1      | garrulousMonolith the Gnoll Air Elementalist began the
                  | quest for the Orb.
     0 | D:1      | Reached XP level 1. HP: 13/13 MP: 6/6
   157 | D:1      | Reached XP level 2. HP: 19/19 MP: 4/7
   256 | D:1      | Found a faded altar of an unknown god.
   264 | D:1      | Got Plato's Quarto of the Discharge
   522 | D:1      | Found Urphit's Magic Scroll Boutique.
   525 | D:1      | Bought a scroll of identify for 20 gold pieces
  1210 | D:2      | Reached skill level 1 in Fighting
  1210 | D:2      | Reached skill level 1 in Short Blades
  1210 | D:2      | Reached skill level 1 in Long Blades
  1210 | D:2      | Reached skill level 1 in Axes
  1210 | D:2      | Reached skill level 1 in Maces & Flails
  1210 | D:2      | Reached skill level 1 in Polearms
  1210 | D:2      | Reached skill level 1 in Staves
  1210 | D:2      | Reached skill level 1 in Ranged Weapons
  1210 | D:2      | Reached skill level 1 in Throwing
  1210 | D:2      | Reached skill level 1 in Armour
  1210 | D:2      | Reached skill level 1 in Shields
  1210 | D:2      | Reached skill level 1 in Unarmed Combat
  1210 | D:2      | Reached skill level 5 in Spellcasting
  1210 | D:2      | Reached skill level 1 in Invocations
  1210 | D:2      | Reached skill level 1 in Evocations
  1210 | D:2      | Reached XP level 3. HP: 26/26 MP: 1/9
  1213 | D:2      | Learned a level 2 spell: Static Discharge
  1217 | D:2      | Learned a level 3 spell: Swiftness
  1559 | D:2      | Reached skill level 1 in Shapeshifting
  1559 | D:2      | Reached XP level 4. HP: 31/32 MP: 3/11
  1629 | D:2      | Found a white marble altar of Elyvilon.
  1695 | D:2      | Reached skill level 1 in Hexes
  1695 | D:2      | Reached skill level 1 in Summonings
  1695 | D:2      | Reached skill level 1 in Necromancy
  1695 | D:2      | Reached skill level 1 in Translocations
  1695 | D:2      | Reached skill level 1 in Transmutations
  1695 | D:2      | Reached skill level 1 in Fire Magic
  1695 | D:2      | Reached skill level 1 in Ice Magic
  1695 | D:2      | Reached skill level 1 in Earth Magic
  1695 | D:2      | Reached skill level 1 in Poison Magic
  1811 | Abyss:1  | Cast into level 1 of the Abyss (gnoll)
  1869 | Abyss:1  | Noticed a small abomination
  1895 | Abyss:1  | Noticed a large abomination
  1907 | Abyss:1  | Annihilated by a large abomination

Illustrated notes

Levels and vault maps discovered:
D:1:      psy_arrival_fountain, layout_basic, serial_shops,
          nicolae_shop_rolled_up, shapermc_ecumenical_altar_rom_forum,
          patterned_corridor
D:2:      layout_loops_ring, basic_altar, serial_shops, shop,
          minmay_worlds_worst_comb
Abyss:1:  base:
D:2

Skill      XL: |  1  2  3  4 |
---------------+-------------+-----
Conjurations   | 2 |  2.3
Fighting       | 1 |  1.2
Short Blades   | 1 |  1.2
Long Blades    | 1 |  1.2
Axes           | 1 |  1.2
Maces & Flails | 1 |  1.2
Polearms       | 1 |  1.2
Staves         | 1 |  1.2
Ranged Weapons | 1 |  1.2
Throwing       | 1 |  1.2
Armour         | 1 |  1.2
Shields        | 1 |  1.2
Unarmed Combat | 1 |  1.2
Spellcasting   | 5 |  5.1
Invocations    | 1 |  1.4
Evocations     | 1 |  1.2
Shapeshifting  | 1 |  1.1
Hexes          | 1 |  1.0
Summonings     | 1 |  1.0
Necromancy     | 1 |  1.0
Translocations | 1 |  1.0
Transmutations | 1 |  1.0
Fire Magic     | 1 |  1.0
Ice Magic      | 1 |  1.0
Earth Magic    | 1 |  1.0
Poison Magic   | 1 |  1.0
Dodging        | |  4.7
Stealth        | |  4.3
Air Magic      | |  5.5

Action                     |  1- 3 |  4- 6 || total
---------------------------+-------+-------++-------
  Melee: Dagger            |       |     9 ||     9
         Bite              |       |     2 ||     2
   Cast: Shock             |    54 |    26 ||    80
         Static Discharge  |       |     1 ||     1
    Use: Scroll            |     1 |       ||     1
         Potion            |       |     1 ||     1
 Armour: Robe              |     3 |    10 ||    13
  Dodge: Dodged            |     2 |     1 ||     3

Table legend: (Time is in decaauts)
 A = Elapsed time spent in this place.
 B = Non-inter-level travel time spent in this place.
 C = Inter-level travel time spent in this place.
 D = Time resting spent in this place.
 E = Time spent auto-exploring this place.
 F = Levels seen in this place.
 G = Mean time per level.
                   A        B        C        D        E       F      G
               +--------+--------+--------+--------+--------+-----+--------+
         Total |   1904 |   1894 |     10 |    267 |   1412 |   3 |  634.7 |
       Dungeon |   1808 |   1798 |     10 |    238 |   1362 |   2 |  904.0 |
         Abyss |     95 |     95 |      0 |     29 |     50 |   1 |   95.0 |
               +--------+--------+--------+--------+--------+-----+--------+

Top non-repeatable levels by time:
     D:1: 1175 daAuts
     D:2: 633 daAuts
 Abyss:1: 95 daAuts
